 Dungeon Crawl Stone Soup version 0.24-a0-653-g3936067ed8 (webtiles) character file.

Game seed: 8165226193616731924, levelgen mode: deterministic

262 Lentor the Shield-Bearer (level 6, -19/48 HPs)
             Began as a Formicid Fighter on Sept 26, 2019.
             Demolished by Menkaure (21 damage)
             ... on level 4 of the Dungeon.
             The game lasted 00:10:40 (3126 turns).

Lentor the Shield-Bearer (Formicid Fighter)         Turns: 3126, Time: 00:10:40

Health: -19/48     AC:  7    Str: 23    XL:     6   Next: 42%
Magic:  6/6        EV:  9    Int:  7    God:
Gold:   228        SH: 10    Dex: 10    Spells: 5/5 levels left

rFire    . . .     SeeInvis +   a - +0 long sword
rCold    . . .     Gourm    .   c - +0 shield
rNeg     . . .     Faith    .   b - +0 scale mail
rPois    .         Spirit   .   (helmet unavailable)
rElec    .         Reflect  .   (no cloak)
rCorr    .         Harm     .   (no gloves)
MR       .....                  (no boots)
Stlth    +.........             (no amulet)
HPRegen  0.16/turn              (no ring)
MPRegen  0.10/turn              p - ring of stealth

@: no status effects
A: permanent stasis, dig shafts and tunnels, four strong arms, antennae 3
a: Dig, Shaft Self


You were on level 4 of the Dungeon.
You were hungry.

You visited 1 branch of the dungeon, and saw 4 of its levels.

You collected 228 gold pieces.

Inventory:

Hand Weapons
 a - a +0 long sword (weapon)
Missiles
 k - 62 stones
 n - 13 boomerangs (quivered)
Armour
 b - a +0 scale mail (worn)
 c - a +0 shield (worn)
Jewellery
 p - a ring of stealth (right hand)
Scrolls
 e - 2 scrolls of enchant weapon {unknown}
 h - 6 scrolls of identify {unknown}
 j - 4 scrolls of remove curse {unknown}
 m - a scroll of noise {unknown}
 r - a scroll of magic mapping {unknown}
 s - a scroll of enchant armour {unknown}
Potions
 d - a potion of might
 g - a potion of resistance {unknown}
 i - 2 potions of heal wounds {unknown}
 l - 2 potions of curing {unknown}
 o - a potion of degeneration {unknown}
 q - a potion of flight {unknown}
Comestibles
 f - 8 rations


   Skills:
 + Level 4.0 Fighting
 + Level 4.3 Long Blades
 + Level 4.0 Armour
 + Level 1.4 Dodging
 + Level 1.2 Stealth
 + Level 4.6 Shields


You had 5 spell levels left.
You didn't know any spells.
Your spell library was empty.

Dungeon Overview and Level Annotations

Branches:
Dungeon (4/15)
 Temple: D:4-7

Altars:
Fedhas
Kikubaaqudgha
The Shining One

Annotations:
D:4 Menkaure


Innate Abilities, Weirdness & Mutations

You cannot be hasted, slowed, berserked, paralysed or teleported.
You can dig through walls and to a lower floor.
Your four strong arms can wield two-handed weapons with a shield.
You have a pair of large antennae on your head. (SInv)


Message History

Menkaure points at you and mumbles some strange words.
Pain shoots through your body!
You slash Menkaure!
Menkaure is heavily damaged.
Menkaure hits you!
You slash Menkaure!
Menkaure is almost destroyed.
Menkaure hits you!!
* * * LOW HITPOINT WARNING * * *
Menkaure hits you!
* * * LOW HITPOINT WARNING * * *
You hit Menkaure but do no damage.
Menkaure is almost destroyed.
Menkaure casts a spell at you. Pain shoots through your body!
* * * LOW HITPOINT WARNING * * *
You hit Menkaure but do no damage.
Menkaure is almost destroyed.
Menkaure hits you!!
You die...

...######.#.#########
.. .................
..###...#########
..####..##########
.................#
#......>####.#####
.........# #.#
#######.## #.# #.#
#@# ### #M# #.# #.#
#.# #.# #.# #..


You could see Menkaure.

Vanquished Creatures
  3 orc priests (D:3)
  A worker ant (D:4)
  A hound skeleton (D:2)
  4 adders
  2 adder skeletons
  4 worms
  A dart slug (D:2)
  A leopard gecko (D:1)
  13 orcs (D:3)
  4 goblins
  8 hobgoblins
  6 jackals
  5 ball pythons
  5 bats
  5 frilled lizards
  A jackal skeleton (D:4)
  7 kobolds
  5 rats
76 creatures vanquished.

Notes
Turn   | Place    | Note
-------+----------+-------------------------------------------
     0 | D:1      | Lentor the Formicid Fighter began the quest for the Orb.
     0 | D:1      | Reached XP level 1. HP: 18/18 MP: 1/1
   272 | D:1      | Reached XP level 2. HP: 22/24 MP: 2/2
   954 | D:2      | Reached XP level 3. HP: 29/29 MP: 3/3
  1047 | D:2      | Reached skill level 1 in Stealth
  1155 | D:2      | Reached XP level 4. HP: 22/35 MP: 4/4
  1665 | D:3      | Reached skill level 1 in Dodging
  1665 | D:3      | Reached XP level 5. HP: 38/42 MP: 5/5
  1910 | D:3      | Reached XP level 6. HP: 22/48 MP: 6/6
  2762 | D:3      | Found a glowing golden altar of the Shining One.
  2774 | D:3      | Found an ancient bone altar of Kikubaaqudgha.
  2775 | D:3      | Found a blossoming altar of Fedhas.
  3119 | D:4      | Noticed Menkaure
  3125 | D:4      | HP: 1/48 [Menkaure/nerve-wracking pain (3)]
  3126 | D:4      | Demolished by Menkaure

Levels and vault maps discovered:
D:1:      sevenhm_arrival_forest_fort_small_5, layout_basic,
          minmay_splitting_lines, chequers_serial_rivers_small_b, minivault_11,
          minmay_tetromino_l2
D:2:      minmay_thinvault, layout_basic, minmay_split_cup_small
D:3:      cheibrodos_pilgrimage, layout_rooms,
          grunt_temple_overflow_growth_and_decay, nicolae_overflow_hidden_temple
D:4:      layout_basic, minitemple, first_ration, uniq_menkaure

Skill      XL: |  1  2  3  4  5  6 |
---------------+-------------------+-----
Stealth        | 1 |  1.2
Shields        | 4 |  4.6
Long Blades    | 3 4 |  4.3
Dodging        | 1 |  1.4
Fighting       | 4 |  4.0
Armour         | 4 |  4.0

Action                   |  1- 3 |  4- 6 || total
-------------------------+-------+-------++-------
Melee: Long sword        |   107 |   166 ||   273
 Abil: Dig               |       |     3 ||     3
 Stab: Sleeping          |       |     3 ||     3
  Eat: Chunk             |     1 |     7 ||     8
Armor: Scale mail        |    45 |    57 ||   102
Dodge: Dodged            |    41 |    70 ||   111
Block: Shield            |    59 |    88 ||   147
       Rpst.: Long sword |    17 |    18 ||    35

Table legend:
 A = Non-vault XP
 B = Vault XP
 C = Vault XP percentage of total XP
 D = Non-vault monster count
 E = Vault monster count
 F = Vault count percentage of total count
                 A         B        C        D         E       F
            +---------+---------+-------+---------+---------+-------
      Total |     204 |     171 |  45.6 |      53 |      23 |  30.3
            +---------+---------+-------+---------+---------+-------
        D:1 |      22 |       0 |   0.0 |      14 |       0 |   0.0
        D:2 |      39 |      74 |  65.5 |      12 |      16 |  57.1
        D:3 |      91 |      97 |  51.6 |      23 |       7 |  23.3
        D:4 |      52 |       0 |   0.0 |       4 |       0 |   0.0
            +---------+---------+-------+---------+---------+-------
